 Dungeon Crawl Stone Soup version 0.31.0-32-g396128a36d (webtiles) character file.

Game seed: 303534442467295096

297 monsoonserge the Cudgeller (level 6, -2/43 HPs)
             Began as an Octopode Cinder Acolyte on Mar 25, 2024.
             Was a High Priest of Ignis.
             Slain by Duvessa
             ... wielding a +0 short sword
              (10 damage)
             ... on level 4 of the Dungeon.
             The game lasted 00:10:04 (3147 turns).

monsoonserge the Cudgeller (OpCA)                   Turns: 3147, Time: 00:10:05

Health: -2/43      AC:  1    Str: 15      XL:     6   Next: 35%
Magic:  3/9        EV: 12    Int: 23      God:    Ignis [*****.]
Gold:   193        SH:  0    Dex:  6 (7)  Spells: 7/9 levels left

rFire   + . .        h - +3 whip
rCold   . . .        (no shield)
rNeg    . . .        (helmet restricted)
rPois   .            (no amulet)
rElec   .            l - +6 ring of intelligence
rCorr   .            (no ring)
SInv    .            (no ring)
Will    .....        (no ring)
Stlth   +            (no ring)
HPRegen 0.27/turn    (no ring)
MPRegen 0.11/turn    (no ring)
                     (no ring)

%: no passive effects
@: lit by a corona, glowing
A: almost no armour, amphibious, 8 rings, camouflage 1, gelatinous body 1,
(nimble swimmer 1), tentacles
a: Renounce Religion, Fiery Armour, Foxfire Swarm, Rising Flame


You were on level 4 of the Dungeon.
You worshipped Ignis.
Ignis was extremely pleased with you.
You visited 2 branches of the dungeon, and saw 5 of its levels.

You collected 193 gold pieces.

Inventory:

Hand Weapons
 a - a -1 mace of flaming
 h - a +3 whip (weapon)
 k - a +1 heavy mace
Missiles
 j - 7 poisoned darts (quivered)
 q - 6 curare-tipped darts
Magical Staves
 t - a staff of air
Jewellery
 l - a +6 ring of intelligence (left tentacle)
Wands
 n - a wand of charming (10)
Scrolls
 e - 2 scrolls of revelation
 g - 4 scrolls of teleportation
 i - a scroll of enchant armour
 m - a scroll of noise
 o - a scroll of amnesia
 p - a scroll of blinking {unknown}
Potions
 b - 2 potions of curing
 c - a potion of mutation {unknown}
 d - a potion of might {unknown}
 f - a potion of ambrosia {unknown}
 r - 2 potions of haste {unknown}
 s - a potion of lignification {unknown}


   Skills:
 + Level 4.0 Fighting
 + Level 4.2 Maces & Flails
 + Level 1.6 Dodging
 + Level 2.8 Stealth
 + Level 1.0 Unarmed Combat
 - Level 2.0 Spellcasting
 + Level 4.0 Fire Magic


You had 7 spell levels left.
You knew the following spells:

 Your Spells              Type           Power      Damage    Failure   Level
a - Scorch                Fire           40%        2d6       3%          2

Your spell library contained the following spells:

 Spells                   Type           Power      Damage    Failure   Level
 Apportation              Tloc           4%         N/A       13%         1
 Magic Dart               Conj           8%         1d3       13%         1
 Summon Small Mammal      Summ           8%         N/A       13%         1
 Call Canine Familiar     Summ           2%         N/A       36%         3
 Summon Blazeheart Golem  Fire/Summ      11%        N/A       50%         4


Dungeon Overview and Level Annotations

Branches:
Dungeon (4/15)             Temple (1/1) D:4

Altars:
Dithmenos
Gozag
Hepliaklqana
Kikubaaqudgha
Makhleb
Nemelex Xobeh
Okawaru
Qazlal
Ru
Sif Muna
Wu Jian
Xom
Zin

Annotations:
D:4 Dowan, Duvessa


Innate Abilities, Weirdness & Mutations

You cannot wear most types of armour.
You are amphibious.
You can wear up to eight rings at the same time.
Your skin changes colour to match your surroundings (Stealth+).
Your rubbery body absorbs attacks. (AC +1, EV +1)
((You are camouflaged when in or above water. (Stealth+)))
You have tentacles for arms and can constrict up to eight enemies at once.


Message History

Okay, then.
Unknown command.
Casting: Scorch (safe; 3% risk of failure)
Confirm with . or Enter, or press ? or * to list all spells.
Okay, then.
Okay, then.
You hit Duvessa. Your grab misses Duvessa.
Duvessa is lightly wounded.
Duvessa hits you with a +0 short sword!
You hit Duvessa. Your grab misses Duvessa.
Duvessa is lightly wounded.
Duvessa hits you with a +0 short sword!
You hit Duvessa but do no damage. Your grab misses Duvessa.
Duvessa is lightly wounded.
Dowan casts a spell.
Dowan blinks!
Duvessa hits you with a +0 short sword.
Casting: Scorch (safe; 3% risk of failure)
Confirm with . or Enter, or press ? or * to list all spells.
Flames lash Duvessa.
Duvessa resists.
Duvessa is moderately wounded.
Duvessa's fire resistance burns away.
An adder comes into view.
Duvessa hits you with a +0 short sword!
Casting: Scorch (safe; 3% risk of failure)
Confirm with . or Enter, or press ? or * to list all spells.
Flames lash Duvessa.
Duvessa is moderately wounded.
You hear a shout!
Dowan gestures at you while chanting.
You are outlined in light.
Duvessa hits you with a +0 short sword.
* * * LOW HITPOINT WARNING * * *
Casting: Scorch (safe; 3% risk of failure)
Confirm with . or Enter, or press ? or * to list all spells.
Flames lash Duvessa.
Duvessa is heavily wounded.
You hear a shout!
Dowan hits you with a +0 dagger.
* * * LOW HITPOINT WARNING * * *
Duvessa hits you with a +0 short sword!
You die...

....#......# #.#
##.........# #.#
#.##......#####.#
#. .............#
##
#.....>######.#
.. #...#####.# ##
.#.####.......#
........e.......
.
...####@#####.##
[.....e.# .
.#.#.##.# .# #
#.# .# #S# ...
..# #.#


You could see Duvessa (combustible), Dowan and an adder.

Vanquished Creatures
  A quasit (D:4)
  2 hounds (D:4)
  A sleepcap (D:4)
  An iguana (D:3)
  Ijyb (D:3)
  An adder (D:2)
  A shadow imp (D:3)
  A white imp (D:4)
  3 ufetubi
  3 dart slugs
  A ribbon worm (D:2)
  9 orcs
  2 bats
  3 endoplasms
  3 giant cockroaches (D:1)
  12 goblins
  5 hobgoblins
  4 quokkas
  3 ball pythons
  4 frilled lizards
  8 kobolds
  5 rats
74 creatures vanquished.

Notes
Turn   | Place    | Note
-------+----------+-------------------------------------------
     0 | D:1      | monsoonserge the Octopode Cinder Acolyte began the quest
                  | for the Orb.
     0 | D:1      | Reached XP level 1. HP: 16/16 MP: 2/2
    99 | D:1      | Reached XP level 2. HP: 20/21 MP: 3/3
   106 | D:1      | Learned a level 2 spell: Scorch
   360 | D:1      | Reached XP level 3. HP: 21/26 MP: 1/4
  1207 | D:2      | Reached skill level 1 in Unarmed Combat
  1389 | D:2      | Reached XP level 4. HP: 31/31 MP: 5/5
  1458 | D:2      | Found a faded altar of an unknown god.
  1593 | D:2      | Got The Wizard's Wisdom 101
  1751 | D:3      | Noticed Ijyb
  1774 | D:3      | Killed Ijyb
  1775 | D:3      | Reached skill level 1 in Stealth
  2039 | D:3      | Reached skill level 1 in Dodging
  2039 | D:3      | Reached XP level 5. HP: 20/37 MP: 7/7
  2407 | D:4      | Found a staircase to the Ecumenical Temple.
  2414 | Temple   | Entered the Ecumenical Temple
  2660 | D:4      | Reached XP level 6. HP: 41/43 MP: 1/8
  3141 | D:4      | Noticed Duvessa
  3141 | D:4      | Noticed Dowan
  3147 | D:4      | Slain by Duvessa

Illustrated notes

Levels and vault maps discovered:
D:1:      minmay_arrival_four_loops, layout_basic
D:2:      layout_loops_cross, shapermc_ecumenical_altar_totnotflames
D:3:      layout_rooms, uniq_ijyb
D:4:      layout_basic, minmay_temple_entry_glass, serial_demonic,
          serial_demonic_d, serial_demonic_f, serial_demonic_e,
          serial_demonic_c, uniq_pikel, uniq_duvessa
Temple:   nicolae_temple_figure_eight

Skill      XL: |  1  2  3  4  5  6 |
---------------+-------------------+-----
Unarmed Combat | 1 |  1.0
Stealth        | 1 2 |  2.8
Dodging        | 1 |  1.6
Maces & Flails | 4 |  4.2
Spellcasting   | 2 |  2.0
Fighting       | 4 |  4.0
Fire Magic     | 4 |  4.0

Action                     |  1- 3 |  4- 6 || total
---------------------------+-------+-------++-------
  Melee: Mace              |    37 |       ||    37
         Constrict         |    20 |    19 ||    39
         Tentacles         |    14 |    12 ||    26
         Whip              |    37 |    80 ||   117
   Cast: Scorch            |     2 |    26 ||    28
    Use: Scroll            |     4 |     2 ||     6
   Stab: Sleeping          |     5 |     1 ||     6
 Armour: Skin              |    21 |    60 ||    81
  Dodge: Dodged            |    49 |    59 ||   108
